AoeStats
← subutai

Golden Pit

509984520Analyzed
1v1 RM · 3d ago on Sep 28, 2026· 38m 25s· 2 players
Game mode
Random Map
Map size
Tiny (2 player)
Population
200
Speed
Normal
Resources
Standard
Victory
Conquest
Starting age
Dark Age
Ending age
Imperial Age
RankedLock teamsTeams togetherTeam positionsShared explorationLock speedFull tech treeHidden civsTurbo modeCheats
Victory
Defeat
🇺🇸 Varangians · United States
1119
+18
🇦🇷 Vietnamese · Argentina
1157
-18
subutai
7:16 Loom
9:54 Feudal Age
11:14 Horse Collar
16:23 Double-Bit Axe
21:15 Castle Age
19:59 Bloodlines
25:35 Bow Saw
25:32 Husbandry
26:16 Wheelbarrow
26:22 Scale Barding Armor
27:09 Town Watch
27:56 Gold Mining
29:38 Fletching
30:00 Forging
31:26 Chain Barding Armor
33:11 Iron Casting
38:19 Imperial Age
38:08 Hand Cart
aguszani
3:05 Loom
12:01 Feudal Age
12:53 Man-at-Arms
17:26 Fletching
19:21 Wheelbarrow
19:34 Padded Archer Armor
25:59 Castle Age
25:03 Horse Collar
25:50 Scale Mail Armor
26:07 Crossbowman
26:08 Pikeman
34:34 Elite Skirmisher
38:42 Town Watch
Connection lost

Rejoining the realm…

Still unreachable

The connection could not be restored.

Session expired

The server has moved on; the page needs a fresh start.